[Event "*** Titled Tuesday Blitz"]
[Site "Chess.com"]
[Date "2020.04.14"]
[Round "8"]
[White "FROGGY64"]
[Black "1f3_2g41-0"]
[Result "1-0"]
[WhiteElo "2367"]
[BlackElo "2185"]
[TimeControl "180+1"]
[EndTime "11:28:49 PDT"]
[Termination "FROGGY64 won by checkmate"]

1. d4 Nf6 2. c4 g6 3. f3 d5 4.
cxd5 Nxd5 5. e4 Nb6 6. Nc3 Bg7 7.
Be3 O-O 8. Qd2 f5 9. h4 Nc6 10. O-O-O f4 11. Bf2 e5 12. d5 Nd4 13. h5 c5 14. hxg6 hxg6 15. Kb1 g5 16. g3 Bd7 17. gxf4 exf4 18. Nge2 Nc4 19. Qd3 Ne5 20. Qd2 Nexf3 21. Qc1 b5 22. Nxd4 Nxd4 23. Bxd4 cxd4 24. Nxb5 Qe8 25.
Nd6 Qe5 26. Qc7 Rf6 27. Qxd7 Rxd6 28. Qb7 Rad8 29. Bd3 Rb6 30. Qxa7 Rdb8 31. b3 Qd6 32. Qa4 Qd8 33. Rc1 Ra8 34. Qc4 Qd6 35. Rc2 Qa3 36.
d6+ Kf8 37. d7 Ke7 38. Rh7 Kf8 39. Qc8+ Ke7 40. d8=Q+ Kf7 41. Qcd7+ Kg6 42. Qxg7# 1-0

[Event "*** Titled Tuesday Blitz"]
[Site "Chess.com"]
[Date "2020.04.14"]
[Round "8"]
[White "PawnEatingZombie"]
[Black "Barbus89"]
[Result "1-0"]
[WhiteElo "2147"]
[BlackElo "2288"]
[TimeControl "180+1"]
[EndTime "11:28:50 PDT"]
[Termination "PawnEatingZombie won on time"]

1. d4 Nf6 2. c4 g6 3. Nc3 d5 4.
cxd5 Nxd5 5. e4 Nxc3 6. bxc3 Bg7 7. Bg5 O-O 8. Rc1 c5 9. d5 h6 10. Be3 Qa5 11. Qd2 e6 12. Bxh6 Bxh6 13. Qxh6 exd5 14.
Nf3 Nd7 15. Ng5 Nf6 16. e5 Re8 17. f4 Be6 18. Bd3 Ne4 19. Bxe4 dxe4 20. Nxe4 f5 21. Qxg6+ Kf8 22. Qf6+ Kg8 23. Nd6 1-0

[Event "*** Titled Tuesday Blitz"]
[Site "Chess.com"]
[Date "2020.04.14"]
[Round "8"]
[White "Casablanca"]
[Black "Trankuilizer"]
[Result "1/2-1/2"]
[WhiteElo "2360"]
[BlackElo "2608"]
[TimeControl "180+1"]
[EndTime "11:28:51 PDT"]
[Termination "Game drawn by agreement"]

1. d4 Nf6 2. Bg5 g6 3. Bxf6 exf6 4. e3 Bg7 5. g3 f5 6. Bg2 d5 7. Ne2 O-O 8. O-O c6 9. Nd2 Nd7 10. c4 dxc4 11. Nxc4 Nb6 12. Nxb6 axb6 13. Qc2 b5 14. a3 Be6 15. Rac1 Bc4 16. Rfd1 Qd6 17. Nf4 h5 18. h4 Rfd8 19. b3 Be6 20. Nxe6 fxe6 21. a4 bxa4 22. bxa4 Ra7 23. Ra1 Rda8 24. Qb3 Kh7 25. Rdc1 Qe7 26.
Rc5 Ra5 27. Rxa5 Rxa5 28. Rb1 Ra7 29. Qb6 Rxa4 30. Qxb7 Qxb7 31. Rxb7 Ra1+ 32. Kh2 Ra2 33. Kg1 Ra1+ 34. Bf1 Ra5 35. Rc7 e5 36. dxe5 Rxe5 37.
Rxc6 Re7 38. Kg2 Rf7 39. Bc4 Rf6 40. Rc7 Kh6 41. Bg8 Rb6 42. Rd7 Rb8 43. Bf7 Rb6 44. Kf3 Ra6 45. Rb7 Rc6 1/2-1/2

[Event "*** Titled Tuesday Blitz"]
[Site "Chess.com"]
[Date "2020.04.14"]
[Round "8"]
[White "garfield_pg"]
[Black "czasnaszachy"]
[Result "1-0"]
[WhiteElo "2204"]
[BlackElo "2306"]
[TimeControl "180+1"]
[EndTime "11:28:51 PDT"]
[Termination "garfield_pg won on time"]

1. d4 Nf6 2. Nc3 g6 3. h4 Bg7 4.
h5 Nxh5 5. Rxh5 gxh5 6. e4 c5 7.
d5 d6 8. Qxh5 e5 9. Nf3 h6 10.
Bb5+ Bd7 11. Nh4 Bxb5 12. Nxb5 a6 13. Nf5 Bf8 14. Na3 Qf6 15. Nc4 Nd7 16. a4 O-O-O 17. g4 Be7 18. Qxf7 Qxf7 19. Nfxd6+ Bxd6 20. Nxd6+ Kc7 21. Nxf7 Rdf8 22. Nxh8 Rxh8 23. Be3 Nf6 24. f3 Rf8 25. Ke2 h5 26. g5 Nh7 27. Rh1 Rg8 28. Rxh5 Nf8 29.
Bxc5 Ng6 30. Rh7+ Kc8 31. Be3 b5 32. axb5 axb5 33. b3 Kd8 34. c4 bxc4 35. bxc4 Kc8 36. c5 Nf8 37. Rf7 Nd7 38. c6 1-0

[Event "*** Titled Tuesday Blitz"]
[Site "Chess.com"]
[Date "2020.04.14"]
[Round "8"]
[White "GMAkobianSTL"]
[Black "731291"]
[Result "1-0"]
[WhiteElo "2789"]
[BlackElo "2614"]
[TimeControl "180+1"]
[EndTime "11:28:52 PDT"]
[Termination "GMAkobianSTL won by resignation"]

1. d4 Nf6 2. c4 e6 3. Nc3 Bb4 4.
Qc2 Nc6 5. Nf3 d6 6. a3 Bxc3+ 7. Qxc3 O-O 8. Bg5 h6 9. Bh4 g5 10. Bg3 Ne4 11. Qc2 f5 12. e3 Qf6 13. Bd3 Nxg3 14.
hxg3 e5 15. d5 Ne7 16. Be2 f4 17. gxf4 exf4 18. e4 Bg4 19. O-O-O Bxf3 20. Bxf3 Kg7 21. Bh5 Qe5 22. f3 a5 23. Kb1 b6 24. Rh3 Ng8 25. Bg4 Ne7 26. Rdh1 Rf6 27. Qa4 Rd8 28. Qd1 Rb8 29. Bd7 Rh8 30. Rh5 Rff8 31. R1h3 Qf6 32. Qh1 Rh7 33. Ka2 Rhh8 34. Be6 Rb8 35. Bd7 Ra8 36. Qh2 Rad8 37. Be6 Rb8 38. a4 Rbf8 39. Kb3 Rh7 40. g3 fxg3 41. Rxg5+ Qxg5 42. Rxg3 Ng6 43. Rxg5 hxg5 44. Qg3 Rh1 45. Bf5 Re1 46. Qxe1 1-0

[Event "*** Titled Tuesday Blitz"]
[Site "Chess.com"]
[Date "2020.04.14"]
[Round "8"]
[White "thedjoker98"]
[Black "Artem_Sadovsky"]
[Result "0-1"]
[WhiteElo "2469"]
[BlackElo "2612"]
[TimeControl "180+1"]
[EndTime "11:28:52 PDT"]
[Termination "Artem_Sadovsky won by checkmate"]

1. d4 g6 2. c4 Bg7 3. e4 d6 4. Nc3 e5 5. Nge2 Nc6 6. Be3 f5 7. f3 Nf6 8. d5 Ne7 9. Qd2 O-O 10.
h3 fxe4 11. fxe4 Nh5 12. g4 Nf4 13. Nxf4 exf4 14. Bxf4 a6 15. Be2 b5 16. O-O b4 17.
Nd1 a5 18. a3 Rb8 19. axb4 axb4 20. Bh6 Rxf1+ 21. Bxf1 Qf8 22. Bxg7 Qxg7 23. Ra7 Bb7 24. Nf2 c5 25. dxc6 Nxc6 26. Qxd6 Rd8 27. Qe6+ Kh8 28. Ra1 Nd4 29. Qb6 Nf3+ 30. Kg2 Nh4+ 31. Kh1 Rf8 32. Ra7 Bxe4+ 33. Nxe4 Rxf1+ 34. Kh2 Qe5+ 35.
Ng3 Qxb2+ 36. Ne2 Qxe2+ 37. Kg3 Qe1+ 38. Kh2 Rh1# 0-1

[Event "*** Titled Tuesday Blitz"]
[Site "Chess.com"]
[Date "2020.04.14"]
[Round "8"]
[White "Sam_ChessMood"]
[Black "Zurability"]
[Result "1-0"]
[WhiteElo "2912"]
[BlackElo "2724"]
[TimeControl "180+1"]
[EndTime "11:28:53 PDT"]
[Termination "Sam_ChessMood won by checkmate"]

1. e4 c5 2. Nf3 d6 3. d4 cxd4 4.
Nxd4 Nf6 5. Nc3 a6 6. Bg5 e6 7. f4 Be7 8. Qe2 Qc7 9. e5 dxe5 10.
fxe5 Nfd7 11. Bxe7 Kxe7 12. O-O-O Qxe5 13. Qf3 Rd8 14. Bc4 Nf6 15. Rhe1 Qc7 16. Ne4 Nbd7 17. Bxe6 Ne5 18.
Qa3+ Ke8 19. Bf5 Bxf5 20. Nxf5 Rxd1+ 21. Rxd1 Nh5 22. Nxg7+ Nxg7 23. Nf6# 1-0

[Event "*** Titled Tuesday Blitz"]
[Site "Chess.com"]
[Date "2020.04.14"]
[Round "8"]
[White "LuckSlayeer"]
[Black "XiaoKangZhong"]
[Result "1-0"]
[WhiteElo "2580"]
[BlackElo "2397"]
[TimeControl "180+1"]
[EndTime "11:28:53 PDT"]
[Termination "LuckSlayeer won by resignation"]

1. Nf3 Nf6 2. c4 e6 3. Nc3 d5 4.
cxd5 exd5 5. d4 c6 6. Bf4 Be7 7.
e3 O-O 8. Bd3 Re8 9. Qc2 h6 10.
O-O Bf8 11. h3 Nbd7 12. Rab1 b5 13. Ne2 Bb7 14. Ne5 Rc8 15. Qd2 Ne4 16. Qe1 Nxe5 17. Bxe5 a6 18. f3 Nd6 19. Qg3 Nc4 20. Bxc4 bxc4 21.
b3 cxb3 22. Rxb3 Ba8 23. Bf4 Kh7 24. Qg4 c5 25. dxc5 Rxc5 26. Nd4 Bc6 27. Rfb1 Bd7 28. Qg3 Qc8 29. Bd6 Rc1+ 30. Rxc1 Qxc1+ 31. Kh2 Rxe3 32.
Bxf8 g6 33. Qf4 Bf5 34. Qxh6+ 1-0

[Event "*** Titled Tuesday Blitz"]
[Site "Chess.com"]
[Date "2020.04.14"]
[Round "8"]
[White "Taran2004"]
[Black "lifeissofun"]
[Result "1-0"]
[WhiteElo "2022"]
[BlackElo "2202"]
[TimeControl "180+1"]
[EndTime "11:28:53 PDT"]
[Termination "Taran2004 won by resignation"]

1. e4 c5 2. Nf3 d6 3. Bb5+ Nd7 4. O-O a6 5. Be2 e6 6. d4 cxd4 7. Nxd4 Be7 8. c4 Ngf6 9. Nc3 O-O 10. f3 Qc7 11. b3 b5 12. Be3 bxc4 13. Bxc4 Ne5 14. Rc1 Nxc4 15. bxc4 Nd7 16. Qd3 Ne5 17. Qe2 Qxc4 18.
Nd5 Qa4 19. Nxe7+ Kh8 20. Nec6 Bd7 21. Nxe5 dxe5 22. Nb3 Bb5 23. Qb2 Bxf1 24. Rxf1 Rab8 25. Rd1 f6 26. Qd2 Rbc8 27. Nc5 Qc6 28. Qd6 Qb5 29.
Nxe6 Rg8 30. Qd7 Qe2 31. Qd2 Rc2 32. Qxe2 Rxe2 33. Bd2 Re8 34. Kf1 Rxe4 35. fxe4 Rxe6 36. Bb4 h5 37. Rd6 Re8 38. Rxa6 Rc8 39. a4 Rc4 40. Rb6 Rxe4 41. a5 Rc4 42. a6 Rc1+ 43. Kf2 Ra1 44. Bc5 Ra5 45. Rb8+ Kh7 46. a7 Ra2+ 47. Kf3 1-0

[Event "*** Titled Tuesday Blitz"]
[Site "Chess.com"]
[Date "2020.04.14"]
[Round "8"]
[White "malandragem"]
[Black "theblitzchamp"]
[Result "1-0"]
[WhiteElo "2525"]
[BlackElo "2655"]
[TimeControl "180+1"]
[EndTime "11:28:54 PDT"]
[Termination "malandragem won by resignation"]

1. e4 e5 2. Nf3 Nc6 3. Nc3 Nf6 4. a3 d6 5. Bc4 Be7 6. O-O O-O 7. d4 Bg4 8. dxe5 dxe5 9. h3 Qxd1 10. Rxd1 Bxf3 11. gxf3 Nd4 12. f4 Nf3+ 13. Kf1 Bd6 14.
Be2 Nd4 15. fxe5 Bxe5 16. f4 Nxe2 17. Nxe2 Bxf4 18. Bxf4 Nxe4 19. Ng3 Nf6 20. Be5 Rfe8 21. Bxf6 gxf6 22. Re1 Re6 23. Rxe6 fxe6 24. Rd1 Rf8 25. Rd7 Rf7 26. Rxf7 Kxf7 27. Ke2 f5 28. Ke3 Kf6 29. h4 e5 30. Ne2 c6 31. Nc3 Kg6 32. Kf3 Kh5 33.
Kg3 b6 34. b4 Kg6 35. a4 Kf6 36. b5 c5 37. Nd5+ Ke6 38. c4 h5 39. Kf3 Kd6 40.
Nf6 Ke6 41. Nxh5 f4 42. Ke4 Kf7 43. Kxe5 f3 44. Ng3 f2 45. Kf4 Kg6 46. Kf3 Kf6 47.
Kxf2 Ke5 48. Ke3 Ke6 1-0

[Event "*** Titled Tuesday Blitz"]
[Site "Chess.com"]
[Date "2020.04.14"]
[Round "8"]
[White "MasterKroket"]
[Black "mphofmann"]
[Result "0-1"]
[WhiteElo "2429"]
[BlackElo "2288"]
[TimeControl "180+1"]
[EndTime "11:28:54 PDT"]
[Termination "mphofmann won by resignation"]

1. d4 b6 2. e4 Bb7 3. Bd3 e6 4. Qe2 d5 5. e5 c5 6. c3 Qc8 7.
Be3 Ba6 8. Na3 cxd4 9. Bxd4 Bxa3 10. bxa3 Bxd3 11. Qxd3 Ne7 12. Nf3 Qa6 13. Qxa6 Nxa6 14. Kd2 Rc8 15. Rab1 Nc6 16. Rhc1 Na5 17. Kd3 Nc5+ 18.
Bxc5 Rxc5 19. Nd4 Nc4 20. f4 Kd7 21. a4 g6 22. Rb5 Rhc8 23. g4 Na3 24. Rxc5 Rxc5 25. f5 Nc4 26. fxe6+ fxe6 27. Nf3 Ke7 28. h4 Ra5 29. h5 Rxa4 30. hxg6 hxg6 31. Rh1 Rxa2 32.
Rh7+ Ke8 33. Rh8+ Kd7 34. Rh7+ Kc8 35. Rf7 Rf2 36. Rf6 Rxf3+ 0-1

[Event "*** Titled Tuesday Blitz"]
[Site "Chess.com"]
[Date "2020.04.14"]
[Round "8"]
[White "Korchmar_Vasiliy"]
[Black "hakki1"]
[Result "1-0"]
[WhiteElo "2534"]
[BlackElo "2390"]
[TimeControl "180+1"]
[EndTime "11:28:55 PDT"]
[Termination "Korchmar_Vasiliy won by resignation"]

1. d4 g6 2. e4 Bg7 3. Nc3 d6 4. f4 Nc6 5. Be3 Nf6 6. Nf3 O-O 7. Qd2 a6 8. O-O-O b5 9. Bd3 Na5 10. h3 b4 11. Ne2 Rb8 12. g4 c5 13. dxc5 Nxe4 14.
Bxe4 Nc4 15. Qd3 Nxb2 16. Qb3 a5 17. Rd4 a4 18. Qxb2 Bxd4 19. Nexd4 Bb7 20. c6 d5 21. Bd3 Ba8 22. h4 Qd6 23. h5 Bxc6 24. hxg6 fxg6 25.
Nxc6 Qxc6 26. Qe5 b3 27. Bd4 Rf6 28. Qxb8+ Kf7 29. Ng5+ 1-0

[Event "*** Titled Tuesday Blitz"]
[Site "Chess.com"]
[Date "2020.04.14"]
[Round "8"]
[White "Nikolaj_6"]
[Black "GodDMuhammad"]
[Result "1-0"]
[WhiteElo "2572"]
[BlackElo "2234"]
[TimeControl "180+1"]
[EndTime "11:28:55 PDT"]
[Termination "Nikolaj_6 won by resignation"]

1. e4 e5 2. Nf3 f5 3. Nxe5 Qf6 4. Nc4 fxe4 5. Nc3 Qg6 6. d3 Bb4 7. Bd2 Bxc3 8. Bxc3 Nf6 9. Ne5 Qf5 10. g4 Qe6 11. g5 d6 12. gxf6 dxe5 13. fxg7 Rg8 14. Qh5+ Kd8 15. Qxh7 Nc6 16. O-O-O e3 17. Bh3 Qf7 18. Bxc8 Kxc8 19. fxe3 Rxg7 20. Qh3+ Qd7 21. Qh8+ Nd8 22. Bxe5 Rh7 23. Qf6 b6 24. h4 Kb7 25. Qf3+ Nc6 26. Bf4 Rf8 27. h5 a6 28. h6 Ka7 29. Kb1 Rf6 30. Qe4 Re6 31. Qf5 Rf7 32. Qh3 Rh7 33. d4 Nb4 34. a3 Nd5 35. Bg5 Qd6 36. Qf5 Rg6 37. e4 Ne7 38. Bxe7 Rxe7 39. h7 Rf6 40.
Qxf6 Qxf6 41. h8=Q 1-0

[Event "*** Titled Tuesday Blitz"]
[Site "Chess.com"]
[Date "2020.04.14"]
[Round "8"]
[White "Philosopherrr"]
[Black "FILI86"]
[Result "1-0"]
[WhiteElo "2456"]
[BlackElo "2582"]
[TimeControl "180+1"]
[EndTime "11:28:56 PDT"]
[Termination "Philosopherrr won by resignation"]

1. e4 c5 2. Nf3 e6 3. d4 cxd4 4. Nxd4 a6 5. Nc3 Qc7 6. g3 Nc6 7. Bg2 d6 8. O-O Bd7 9. Nxc6 Bxc6 10. Re1 Be7 11. a4 Nf6 12. Be3 O-O 13. Qd3 Rac8 14. h3 Qb8 15. a5 Nd7 16. Na4 Bb5 17. Qd2 Qc7 18. Rec1 Bxa4 19. Rxa4 e5 20. h4 Nc5 21.
Rc4 Qb8 22. Bh3 Ne6 23. Qd5 Rxc4 24. Qxc4 Qc8 25. Qd5 g6 26. c4 Kg7 27. Kh2 f5 28. c5 Nc7 29. Qd2 dxc5 30. Bh6+ Kg8 31. Bxf8 Bxf8 32.
exf5 Nb5 33. fxg6 Qc6 34. gxh7+ Kh8 35. Qg5 Bg7 36. Qd8+ Kxh7 37. Bf5+ 1-0

[Event "*** Titled Tuesday Blitz"]
[Site "Chess.com"]
[Date "2020.04.14"]
[Round "8"]
[White "pedromartinez91"]
[Black "WeAintSurePal"]
[Result "1/2-1/2"]
[WhiteElo "2506"]
[BlackElo "2325"]
[TimeControl "180+1"]
[EndTime "11:28:56 PDT"]
[Termination "Game drawn by agreement"]

1. e4 c5 2. b4 cxb4 3. a3 d5 4. exd5 Nf6 5. axb4 g6 6. c4 Bg7 7. Nc3 O-O 8. Nf3 e6 9. d4 exd5 10. c5 Re8+ 11. Be2 Ne4 12. Bb2 Nc6 13. O-O Nxb4 14. Nb5 Bg4 15. h3 Bxf3 16. Bxf3 a6 17. Bxe4 axb5 18. Rxa8 Qxa8 19. Bf3 Qa2 20. Bc3 Qc4 21.
Bxb4 Qxb4 22. Bxd5 Qxd4 23. Qf3 Rf8 24. Re1 Qxc5 25. Re8 Rxe8 26. Qxf7+ Kh8 27. Qxe8+ Qf8 28. Qxb5 Bd4 29. Qe2 b5 30. Kf1 b4 31. Bb3 Kg7 32. g3 Qf6 33. f4 Bc5 34. Qc4 Qa1+ 35. Ke2 Qb2+ 36. Kf3 Qc3+ 37. Qxc3+ bxc3 38. g4 h5 39. f5 hxg4+ 40. hxg4 gxf5 41. gxf5 Kf6 42. Bc2 Bd4 43. Ke4 Be5 1/2-1/2

[Event "*** Titled Tuesday Blitz"]
[Site "Chess.com"]
[Date "2020.04.14"]
[Round "8"]
[White "Durarbayli"]
[Black "saikrishnaReturns"]
[Result "0-1"]
[WhiteElo "2812"]
[BlackElo "2638"]
[TimeControl "180+1"]
[EndTime "11:28:57 PDT"]
[Termination "saikrishnaReturns won by resignation"]

1. e4 e5 2. Nf3 Nc6 3. Bb5 a6 4. Ba4 d6 5. c3 f5 6. d3 Nf6 7. Qe2 Be7 8. Bb3 Na5 9. Bc2 O-O 10. Nbd2 c5 11. Nf1 Qe8 12. Bg5 Qg6 13. Bxf6 Bxf6 14. Ne3 f4 15. Nd5 Qxg2 16. Rg1 Qh3 17. Ng5 Bxg5 18.
Rxg5 Be6 19. O-O-O Bxd5 20. exd5 b5 21. d4 f3 22. Qe4 Rf4 23. Qd3 cxd4 24. Rdg1 Ra7 25. cxd4 Rxd4 26. Qc3 Nc4 27. b3 Rc7 28. Bf5 Qxh2 29.
Bc2 Qxf2 30. Rh1 Qe3+ 31. Qxe3 Nxe3 0-1

[Event "*** Titled Tuesday Blitz"]
[Site "Chess.com"]
[Date "2020.04.14"]
[Round "8"]
[White "AttilaTurzo"]
[Black "BabyFacedAssasin"]
[Result "1-0"]
[WhiteElo "2491"]
[BlackElo "2291"]
[TimeControl "180+1"]
[EndTime "11:28:57 PDT"]
[Termination "AttilaTurzo won by resignation"]

1. d4 d6 2. Nf3 Nf6 3. Bg5 Ne4 4. Bh4 g6 5. Nbd2 Nxd2 6. Qxd2 Bg7 7. c3 Nd7 8. e4 O-O 9. Be2 Qe8 10. O-O e5 11. dxe5 Nxe5 12. Rfe1 Nxf3+ 13. Bxf3 Bd7 14. e5 Bxe5 15.
Bxb7 Rb8 16. Bd5 Bc6 17. f4 Bxd5 18. Qxd5 Qa4 19. Re4 Qc2 20. fxe5 Rxb2 21. Rf4 dxe5 22. Rf2 Qxc3 23. Raf1 Rxf2 24. Bxf2 c6 25. Qd7 a5 26. h3 c5 27. Qc7 c4 28. Bc5 Ra8 29. Qxf7+ Kh8 30.
Qf6+ Kg8 31. Qe6+ Kh8 32. Bd6 Qd4+ 33. Kh1 1-0

[Event "*** Titled Tuesday Blitz"]
[Site "Chess.com"]
[Date "2020.04.14"]
[Round "8"]
[White "DejanNestor64"]
[Black "Faqade"]
[Result "0-1"]
[WhiteElo "2439"]
[BlackElo "2641"]
[TimeControl "180+1"]
[EndTime "11:28:58 PDT"]
[Termination "Faqade won by resignation"]

1. d4 Nf6 2. c4 g6 3. Nc3 Bg7 4. e4 O-O 5. Be2 d6 6. Bg5 c6 7. Qd2 d5 8. Bxf6 exf6 9. exd5 cxd5 10. Nxd5 b5 11. Nf3 bxc4 12. Bxc4 Bb7 13. Ne3 f5 14.
O-O-O Nd7 15. Kb1 Nb6 16. Be2 Rb8 17. Nc4 Na4 18. Qc2 Be4 19. Bd3 Bxf3 20. gxf3 Qxd4 21. Be2 Nc3+ 22. Ka1 Nxd1 23. Rxd1 Qxf2 24. a3 Rfc8 25. Rb1 Qxh2 26. Ka2 Qc7 27. Bd3 Qc5 28. Qe2 Qd4 29. Qc2 h5 0-1

[Event "*** Titled Tuesday Blitz"]
[Site "Chess.com"]
[Date "2020.04.14"]
[Round "8"]
[White "MPGM"]
[Black "TheoSlade"]
[Result "1-0"]
[WhiteElo "2453"]
[BlackElo "2272"]
[TimeControl "180+1"]
[EndTime "11:29:00 PDT"]
[Termination "MPGM won by resignation"]

1. e4 e5 2. Nf3 Nc6 3. Bc4 Bc5 4. c3 Nf6 5. d3 a6 6. O-O Ba7 7. a4 d6 8. a5 h6 9. Qb3 O-O 10. Be3 Bxe3 11. fxe3 Ne7 12. Nbd2 c6 13. Qc2 Ng6 14. d4 Re8 15. b4 Be6 16. Bd3 Qc7 17. Kh1 c5 18. d5 Bd7 19. Nc4 cxb4 20. cxb4 Bb5 21. Nfd2 Rac8 22. Rac1 Nd7 23. Qd1 b6 24. Nxb6 Qxc1 25.
Qxc1 Rxc1 26. Rxc1 Nxb6 27. Bxb5 axb5 28. axb6 Rb8 29. Rc6 Ne7 30. Rxd6 Kf8 31. b7 Ke8 32. Rb6 Kd7 33. Rxb5 Kc7 34. Kg1 Rxb7 35. d6+ Kxd6 36. Rxb7 1-0

[Event "*** Titled Tuesday Blitz"]
[Site "Chess.com"]
[Date "2020.04.14"]
[Round "8"]
[White "tgpgoat"]
[Black "tonyq11"]
[Result "1-0"]
[WhiteElo "2112"]
[BlackElo "2229"]
[TimeControl "180+1"]
[EndTime "11:29:00 PDT"]
[Termination "tgpgoat won on time"]

1. d4 d5 2. Nf3 Nf6 3. c4 e6 4. Nc3 dxc4 5. e3 Bb4 6. Bxc4 c5 7. O-O O-O 8. dxc5 Bxc5 9. b3 a6 10. Bb2 b5 11. Be2 Bb7 12. Rc1 Bd6 13. Qc2 Nc6 14. Rfd1 Qe7 15. Ne4 Nxe4 16. Qxe4 Ne5 17. Qd4 Bxf3 18.
Bxf3 Rad8 19. Be2 f5 20. Qb6 Bc7 21. Qxc7 Qxc7 22. Rxc7 Rxd1+ 23. Bxd1 Rd8 24. Be2 Nd3 25. Rxg7+ Kf8 26. Bxd3 Rxd3 27. h3 Rd2 28. Bf6 Rxa2 29. Rxh7 1-0

[Event "*** Titled Tuesday Blitz"]
[Site "Chess.com"]
[Date "2020.04.14"]
[Round "8"]
[White "SGchess01"]
[Black "mbachez"]
[Result "0-1"]
[WhiteElo "2691"]
[BlackElo "2537"]
[TimeControl "180+1"]
[EndTime "11:29:01 PDT"]
[Termination "mbachez won by checkmate"]

1. e4 e6 2. d4 d5 3. exd5 exd5 4. Nf3 c5 5. Nc3 Nc6 6. dxc5 d4 7. Ne4 Bf5 8. Qe2 Bxe4 9. Qxe4+ Be7 10. Bb5 Qa5+ 11. Bd2 Qxb5 12. O-O-O Nf6 13. Qf5 Qxc5 14. Qd3 O-O 15.
Rhe1 Rac8 16. a3 Rfe8 17. Kb1 Bf8 18. Bg5 Nd5 19. h4 h6 20. Bd2 Qb6 21. Ka1 Qa6 22. Qb3 Nb6 23. Ng5 hxg5 24. hxg5 Qc4 25. Qh3 Rxe1 26.
Rxe1 g6 27. Bf4 Bg7 28. Rh1 Qe6 29. Qh7+ Kf8 30. Bd2 d3 31. Re1 Qxe1+ 32. Bxe1 dxc2 33. Bd2 Nc4 34. Bc1 Nxb2 35. Qh3 Nd3+ 36. Ka2 Nxc1# 0-1

[Event "*** Titled Tuesday Blitz"]
[Site "Chess.com"]
[Date "2020.04.14"]
[Round "8"]
[White "ulkaf961"]
[Black "Bastiandash"]
[Result "1-0"]
[WhiteElo "2255"]
[BlackElo "2053"]
[TimeControl "180+1"]
[EndTime "11:29:01 PDT"]
[Termination "ulkaf961 won by checkmate"]

1. e4 c5 2. Nf3 e6 3. d4 cxd4 4. Nxd4 a6 5. Bd3 Bc5 6. Nb3 Be7 7.
Qg4 g6 8. Nc3 d6 9. O-O Nd7 10.
Be3 Ne5 11. Qe2 Nf6 12. a4 O-O 13. a5 Nxd3 14. cxd3 Nd7 15. Na4 Bf6 16. Bh6 Re8 17. d4 Bg7 18. Bxg7 Kxg7 19. Rac1 Rb8 20. e5 b5 21. Nc3 Qe7 22. f4 Bb7 23. Nd2 d5 24. Rf3 b4 25. Nd1 Qd8 26. Nb3 Rc8 27. Rxc8 Qxc8 28. Qd2 Qc4 29. Nc1 Rc8 30. Ne2 Qb5 31. Rh3 Qxa5 32. f5 exf5 33. Qh6+ Kg8 34. Qxh7+ Kf8 35. e6 fxe6 36. Qxd7 Qc7 37. Rh8# 1-0

[Event "*** Titled Tuesday Blitz"]
[Site "Chess.com"]
[Date "2020.04.14"]
[Round "8"]
[White "Gabrielian_Artur"]
[Black "trickytock"]
[Result "1-0"]
[WhiteElo "2671"]
[BlackElo "2511"]
[TimeControl "180+1"]
[EndTime "11:29:02 PDT"]
[Termination "Gabrielian_Artur won by resignation"]

1. e4 e5 2. Nc3 Nf6 3. g3 Nc6 4. Bg2 Bc5 5. Nge2 d6 6. Na4 h5 7. Nxc5 dxc5 8. h3 h4 9. g4 Nd7 10. f4 exf4 11. Nxf4 Nde5 12. d3 O-O 13. Be3 b6 14.
Qd2 Nd4 15. O-O-O Be6 16. Kb1 Qd7 17. Rhf1 Rad8 18. Qf2 Qe7 19. Nd5 Bxd5 20. exd5 f5 21.
g5 f4 22. Bxd4 cxd4 23. Be4 Qxg5 24. Rg1 Qh6 25. Qxd4 Rde8 26. Rdf1 f3 27. a3 Rf6 28. Rf2 Qf4 29. Qc3 Ref8 30. Qxc7 R6f7 31. Qc3 Qe3 32.
Rgf1 Re8 33. d6 Qc5 34. Qxc5 bxc5 35. Bd5 1-0

[Event "*** Titled Tuesday Blitz"]
[Site "Chess.com"]
[Date "2020.04.14"]
[Round "8"]
[White "CMS13"]
[Black "Training_Day"]
[Result "0-1"]
[WhiteElo "2129"]
[BlackElo "2302"]
[TimeControl "180+1"]
[EndTime "11:29:02 PDT"]
[Termination "Training_Day won by checkmate"]

1. e4 e5 2. Bc4 Nc6 3. Nc3 Nf6 4. d3 Na5 5. Nge2 Be7 6. Bb3 Nxb3 7. axb3 d5 8. exd5 Nxd5 9. O-O O-O 10. f4 Bc5+ 11. Kh1 exf4 12. Nxd5 Qxd5 13. Nxf4 Qd8 14. Qh5 Bd6 15.
Bd2 h6 16. Nd5 f5 17. Bc3 Qe8 18. Qf3 Bd7 19. Rae1 Qf7 20. Nf4 Bc6 21. Qf2 Rae8 22. Qh4 Rxe1 23. Rxe1 Re8 24. Rxe8+ Qxe8 25. Nh5 Qe2 26.
Qc4+ Kh7 27. Nf6+ Kg6 28. Qxc6 Qf1# 0-1

[Event "*** Titled Tuesday Blitz"]
[Site "Chess.com"]
[Date "2020.04.14"]
[Round "8"]
[White "j2806"]
[Black "Bad4life"]
[Result "1-0"]
[WhiteElo "2008"]
[BlackElo "2293"]
[TimeControl "180+1"]
[EndTime "11:29:02 PDT"]
[Termination "j2806 won on time"]

1. e4 c5 2. Nf3 g6 3. d4 cxd4 4. Nxd4 Nc6 5. Be3 Bg7 6. c4 Nh6 7. Nc3 O-O 8. f3 d6 9. Qd2 Bxd4 10. Bxd4 f5 11. Be2 f4 12. O-O e5 13. Bf2 g5 14. Rfd1 Rf6 15. Nd5 Rg6 16. c5 g4 17.
cxd6 g3 18. Bc5 Qh4 19. h3 b6 20. Ne7+ Kg7 21. Nxg6 hxg6 22. d7 bxc5 23. dxc8=Q Rxc8 24. Qd7+ Ne7 25. Ba6 Rf8 26. Rd6 Nf7 27. Rdd1 Rd8 28.
Qe6 Rb8 29. Rd7 Rf8 30. Qxe7 Qh6 31. Bc4 1-0

[Event "*** Titled Tuesday Blitz"]
[Site "Chess.com"]
[Date "2020.04.14"]
[Round "8"]
[White "adiosabu"]
[Black "exoticprincess"]
[Result "0-1"]
[WhiteElo "2567"]
[BlackElo "2866"]
[TimeControl "180+1"]
[EndTime "11:29:03 PDT"]
[Termination "exoticprincess won on time"]

1. e4 c6 2. d4 d5 3. Nc3 dxe4 4. Nxe4 Nf6 5. Nxf6+ exf6 6. c3 Bd6 7. Bd3 O-O 8.
Qc2 Re8+ 9. Ne2 h5 10. Be3 Nd7 11. O-O-O Nf8 12. Kb1 h4 13. c4 h3 14. gxh3 Bxh3 15.
Rhg1 Qd7 16. Nf4 Bxf4 17. Bxf4 Ng6 18. Be3 f5 19. Rg5 f4 20. Bc1 f3 21. Bxg6 fxg6 22. Qxg6 Re6 23. Qh5 Bg2 24. d5 Re2 25. Qg6 c5 26.
Rh5 Rf8 27. Qh7+ Kf7 28. Rf5+ Ke8 29. Qg6+ Rf7 30. Rh5 Kd8 31. d6 Re8 32. Bg5+ Kc8 33. Bc1 b6 34. a3 Rf6 35. Qd3 Rd8 36. Qd5 Kb8 37. Rg5 Qf7 0-1

[Event "*** Titled Tuesday Blitz"]
[Site "Chess.com"]
[Date "2020.04.14"]
[Round "8"]
[White "Poghosyan_Suren"]
[Black "VerdeNotte"]
[Result "0-1"]
[WhiteElo "2506"]
[BlackElo "2669"]
[TimeControl "180+1"]
[EndTime "11:29:03 PDT"]
[Termination "VerdeNotte won by resignation"]

1. Nf3 g6 2. c4 c5 3. Nc3 Nc6 4. b3 Bg7 5. Bb2 e5 6. d3 f5 7.
g3 e4 8. dxe4 fxe4 9. Nd2 e3 10.
fxe3 Nh6 11. Bh3 d5 12. Bxc8 Qxc8 13. cxd5 Ne5 14. Nc4 O-O 15. Qd2 Nhg4 16. Nxe5 Bxe5 17. O-O-O Nf2 18. Rhf1 Nxd1 19. Rxd1 Qf5 20. d6 Rad8 21. Nd5 Bxd6 22. Qc3 Kf7 23. Qg7+ Ke6 24. Qxb7 Rd7 25. Qc6 Kf7 26. e4 Qe6 27. Nc7 Bf4+ 28. gxf4 Rxd1+ 0-1

[Event "*** Titled Tuesday Blitz"]
[Site "Chess.com"]
[Date "2020.04.14"]
[Round "8"]
[White "TastyTablet"]
[Black "JakubPulpan"]
[Result "1/2-1/2"]
[WhiteElo "2595"]
[BlackElo "2754"]
[TimeControl "180+1"]
[EndTime "11:29:04 PDT"]
[Termination "Game drawn by agreement"]

1. e4 c5 2. Nf3 d6 3. d4 cxd4 4.
Nxd4 Nf6 5. Nc3 a6 6. f3 e5 7. Nb3 Be6 8. Be3 h5 9. Qd2 Nbd7 10. Nd5 Bxd5 11. exd5 g6 12. Be2 Bg7 13. O-O b6 14. c4 O-O 15. Rae1 a5 16. Na1 e4 17. f4 Ng4 18.
Bxg4 hxg4 19. Nc2 f5 20. Nd4 Bxd4 21. Bxd4 Nc5 22. h3 Qh4 23. hxg4 Qxg4 24. Qe2 Qh4 25. Qd2 Rf7 26. Re3 Rh7 27. Rh3 Qe7 28. Kh2 Rxh3+ 29. gxh3 Qh4 30. Rg1 Kf7 31. Qe3 Nd3 32. Bxb6 Qxf4+ 33. Qxf4 Nxf4 34. Be3 Nd3 35. Kg3 Nxb2 36. Rb1 Nxc4 37.
Rb7+ Kf6 38. Bd4+ Ne5 39. Rd7 Ra6 40. h4 g5 41. hxg5+ Kxg5 42. Rg7+ Ng6 43. Be3+ Kf6 44.
Bd4+ Ne5 45. Rh7 Kg6 46. Re7 Nf3 47. Bc3 Rb6 48. Kf4 Rb5 49. Re6+ Kf7 50. Rxd6 Rc5 51. Rc6 Rxd5 52. Rf6+ Ke7 53. Rxf5 Rd3 54. Kxe4 Rxc3 55.
Rxf3 Rxf3 56. Kxf3 1/2-1/2